 Dungeon Crawl Stone Soup version 0.30-a0-696-g2367cd04db (webtiles) character file.

Game seed: 17848539532152960566

1962 omnomnOMINOUS the Trooper (level 9, 0/63 HPs)
             Began as an Octopode Wanderer on Jan 20, 2023.
             Was an Elder of Cheibriados.
             Slain by a wyvern (13 damage)
             ... on level 7 of the Dungeon.
             The game lasted 00:13:42 (5495 turns).

omnomnOMINOUS the Trooper (Octopode Wanderer)       Turns: 5495, Time: 00:13:43

Health: 0/63       AC:  1    Str: 18    XL:     9   Next: 19%
Magic:  0/17       EV: 22    Int: 31    God:    Cheibriados [****..]
Gold:   347        SH:  0    Dex: 22    Spells: 14/19 levels left

rFire   . . .      SeeInvis .    a - +3 falchion
rCold   . . .      Faith    .    (no shield)
rNeg    . . .      Spirit   +    (helmet restricted)
rPois   .          Reflect  .    v - amulet of guardian spirit
rElec   .          Harm     .    x - +5 ring of evasion
rCorr   .          Rampage  .    (no ring)
Will    .....                    (no ring)
Stlth   ++                       (no ring)
HPRegen 0.30/turn                (no ring)
MPRegen 0.15/turn                (no ring)
                                 (no ring)
                                 (no ring)

@: lit by a corona, about to teleport, glowing, studying Transmutations, very
slow
A: almost no armour, amphibious, 8 rings, camouflage 1, gelatinous body 1,
(nimble swimmer 1), tentacles
a: Renounce Religion, Bend Time, Temporal Distortion, Slouch


You were on level 7 of the Dungeon.
You worshipped Cheibriados.
Cheibriados was greatly pleased with you.
You visited 1 branch of the dungeon, and saw 9 of its levels.

You collected 347 gold pieces.

Inventory:

Hand Weapons
 a - a +3 falchion (weapon)
 b - the +9 trident of Big Damage {heavy, Will++ Str+3 Dex-4 SInv}
   (You found it on level 6 of the Dungeon)

   Str:       It affects your strength (+3).
   Dex:       It affects your dexterity (-4).
   SInv:      It lets you see invisible.
   Will:      It greatly increases your willpower.
 l - a +2 short sword of venom
 p - a +3 dagger
Missiles
 r - 12 poisoned darts (quivered)
Jewellery
 v - an amulet of guardian spirit (around mantle)
 x - a +5 ring of evasion (left tentacle)
Wands
 g - a wand of paralysis (4)
 t - a wand of iceblast (8)
 y - a wand of quicksilver (13)
Scrolls
 c - 2 scrolls of noise
 e - 4 scrolls of teleportation
 f - a scroll of enchant armour {unknown}
 h - a scroll of vulnerability
 i - a scroll of blinking
 j - a scroll of brand weapon
 m - a scroll of fear
 o - a scroll of amnesia {unknown}
 w - 2 scrolls of silence {unknown}
 z - 3 scrolls of fog
Potions
 d - a potion of might {unknown}
 k - a potion of degeneration {unknown}
 n - 3 potions of curing
 q - 3 potions of invisibility {unknown}
 s - a potion of flight {unknown}
 u - a potion of mutation
 A - a potion of attraction {unknown}


   Skills:
 + Level 6.3 Fighting
 - Level 4.0 Long Blades
 + Level 6.2 Dodging
 - Level 1.3 Stealth
 + Level 1.4 Unarmed Combat
 - Level 5.5 Spellcasting
 + Level 2.3 Transmutations
 - Level 1.2 Poison Magic
 + Level 3.7 Invocations
 - Level 1.1 Evocations


You had 14 spell levels left.
You knew the following spells:

 Your Spells              Type           Power      Damage    Failure   Level
a - Blade Hands           Tmut           11%        N/A       50%         5

Your spell library contained the following spells:

 Spells                   Type           Power      Damage    Failure   Level
 Poisonous Vapours        Pois/Air       24%        N/A       6%          2
 Cigotuvi's Dreadful Rot  Necr/Pois/Air  22%        N/A       7%          2
 Portal Projectile        Hex/Tloc       16%        N/A       16%         3
 Tukima's Dance           Hex            8%         N/A       16%         3


Dungeon Overview and Level Annotations

Branches:
Dungeon (9/15)             Temple (0/1) D:7
   Lair: D:8-11         Orc: D:9-12

Altars:
Cheibriados
Wu Jian
Yredelemnul
Zin

Shops:
D:3 (

Annotations:
D:7 Dowan, Duvessa
D:8 Gastronok


Innate Abilities, Weirdness & Mutations

You cannot wear most types of armour.
You are amphibious.
You can wear up to eight rings at the same time.
Your skin changes colour to match your surroundings (Stealth+).
Your rubbery body absorbs attacks. (AC +1, EV +1)
((You are camouflaged when in or above water. (Stealth+)))
You have tentacles for arms and can constrict up to eight enemies at once.


Message History

The steam dragon bites you. The steam dragon misses you.
You hit the steam dragon.
The steam dragon is almost dead.
You are engulfed in a cloud of scalding steam.
The steam dragon breathes steam at you. The ball of steam hits you!
You hear a shout!
You barely miss the steam dragon.
The steam dragon is almost dead.
Dowan casts a spell at you.
You are outlined in light.
Duvessa, Sister of Dowan comes into view.
She is wielding a +0 short sword.
The steam dragon misses you. The steam dragon claws you.
As you read the scroll of teleportation, it crumbles to dust.
You feel strangely unstable.
The wyvern is engulfed in a cloud of scalding steam.
The steam dragon misses you.
The steam dragon claws you but does no damage.
Dowan says, "Magic and the sword, together, will defeat you."
The wyvern completely misses you.
You hit the steam dragon.
You kill the steam dragon!
Cheibriados thoroughly appreciates the change of pace.
The steam dragon scales are intact enough to wear.
The wyvern bites you!
* * * LOW HITPOINT WARNING * * *
Your Transmutations skill increases to level 2!
You hit Dowan but do no damage. You grab Dowan.
You squeeze Dowan, but do no damage. You constrict Dowan.
The wyvern misses you. Dowan closely misses you.
The wyvern completely misses you.
You slash Dowan!
Dowan is heavily wounded.
You constrict Dowan. The wyvern bites you.
* * * LOW HITPOINT WARNING * * *
Dowan is engulfed in a cloud of scalding steam.
Dowan misses you.
A necrophage comes into view.
The wyvern bites you!!
You die...

#.###....####.#########.
#.##......<... ♣.
#.##.#....... ~≈
#.##.#...### ~≈~
#)##.#>..# ≈≈~S
#)##.#...# ...♣.
#.##.....# #####.
#......l.# ♣. ######[@.#
#.e§# #..e.# #....#
#....# #....# ....[n
......#


You could see Duvessa, a wyvern, a necrophage and Dowan.

Vanquished Creatures
  A steam dragon (D:7)
  2 water moccasins (D:5)
  4 ogres
  A centaur (D:7)
  A phantom (D:5)
  A bullfrog (D:9)
  A necrophage (D:5)
  4 scorpions
  A hound (D:5)
  6 orc priests
  4 jellies
  An iguana (D:5)
  6 orc wizards
  Natasha (thrice) (D:4)
  6 adders
  A gnoll (D:4)
  A white imp (D:7)
  2 worms
  3 dart slugs
  24 orcs
  10 ball pythons
  8 endoplasms
  3 giant cockroaches
  8 hobgoblins
  11 kobolds
  5 quokkas
  7 bats
  3 frilled lizards
  7 goblins
  8 rats
143 creatures vanquished.

Notes
Turn   | Place    | Note
-------+----------+-------------------------------------------
     0 | D:1      | omnomnOMINOUS the Octopode Wanderer began the quest for the
                  | Orb.
     0 | D:1      | omnomnOMINOUS set off with the following items: a +3
                  | falchion, a scroll of fog; and the following spells
                  | available to memorise: Poisonous Vapours, Cigotuvi's
                  | Dreadful Rot.
     0 | D:1      | Reached XP level 1. HP: 13/13 MP: 2/2
   235 | D:1      | Reached XP level 2. HP: 18/18 MP: 3/3
   306 | D:1      | Reached skill level 1 in Dodging
   705 | D:1      | Reached XP level 3. HP: 19/24 MP: 5/5
   811 | D:1      | Found a faded altar of an unknown god.
   974 | D:1      | Prayed at the altar of an unknown god.
   974 | D:1      | Became a worshipper of Cheibriados the Contemplative
   974 | D:1      | Reached * piety under Cheibriados
  1412 | D:2      | Reached XP level 4. HP: 13/29 MP: 5/7
  1412 | D:2      | Gained mutation: You are weak. (Str -2) [potion of
                  | mutation]
  1412 | D:2      | Lost mutation: You are weak. (Str -2) [potion of mutation]
  1532 | D:2      | Reached ** piety under Cheibriados
  1936 | D:3      | Reached XP level 5. HP: 26/36 MP: 8/8
  2236 | D:3      | Found Taxylus's Weapon Emporium.
  2646 | D:4      | Reached XP level 6. HP: 42/42 MP: 10/10
  2667 | D:4      | Reached *** piety under Cheibriados
  3202 | D:4      | Reached XP level 7. HP: 39/48 MP: 12/12
  3665 | D:4      | Noticed Natasha
  3672 | D:4      | Killed Natasha
  3693 | D:4      | Noticed Natasha
  3702 | D:4      | Killed Natasha
  3759 | D:4      | Reached **** piety under Cheibriados
  3821 | D:4      | Noticed Natasha
  3824 | D:4      | Killed Natasha
  3979 | D:5      | Entered Level 5 of the Dungeon
  4231 | D:5      | Reached skill level 5 in Fighting
  4231 | D:5      | Reached skill level 5 in Dodging
  4231 | D:5      | Reached XP level 8. HP: 45/55 MP: 11/15
  4427 | D:5      | Reached skill level 5 in Spellcasting
  4923 | D:6      | Identified the +9 trident of Big Damage {heavy, Will++
                  | Str+3 Dex-4 SInv}
  5023 | D:6      | You fall into a shaft and drop 3 floors!
  5027 | D:9      | Identified a scroll of acquirement
  5038 | D:9      | Learned a level 5 spell: Blade Hands
  5038 | D:9      | Acquired a manual of Transmutations
  5114 | D:8      | Noticed Gastronok
  5144 | D:7      | Reached skill level 1 in Transmutations
  5144 | D:7      | Reached XP level 9. HP: 22/62 MP: 5/17
  5154 | D:7      | Reached skill level 1 in Unarmed Combat
  5325 | D:7      | Found a staircase to the Ecumenical Temple.
  5386 | D:7      | Found a basalt altar of Yredelemnul.
  5387 | D:7      | Found an ornate altar of the Wu Jian Council.
  5388 | D:7      | Found a glowing silver altar of Zin.
  5388 | D:7      | Found a snail-covered altar of Cheibriados.
  5488 | D:7      | Noticed Dowan
  5491 | D:7      | Noticed Duvessa
  5495 | D:7      | Slain by a wyvern

Illustrated notes

Levels and vault maps discovered:
D:1:      dpeg_arrival_simpleton_c, layout_basic,
          dreamdust_ecumenical_altar_angels_and_demons, minmay_distorted
D:2:      layout_basic, minmay_tromino_mix6
D:3:      layout_loops_ring, serial_shops, shop
D:4:      minmay_door_path, layout_gridville, uniq_natasha
D:5:      layout_basic, eino_small_chamber_without_monster
D:6:      layout_basic
D:7:      nzn_winding_woodlands_cross [nzn_winding_woodlands_5x15_zeroes,
          nzn_winding_woodlands_5x15_twine, nzn_winding_woodlands_5x15_pool,
          nzn_winding_woodlands_5x15_river_crossing,
          nzn_winding_woodlands_15x15_killbox], layout_loops_ring,
          mainiacjoe_overflow_alcove_3, minmay_temple_entry_arrows,
          uniq_duvessa, uniq_prince_ribbit1, uniq_crazy_yiuf_cottage
D:8:      layout_basic, uniq_gastronok, uniq_maurice
D:9:      minmay_the_grid_triangle_9x9_rhombus_thin_mashed
          [minmay_the_grid_triangle_9x9_subtriangle,
          minmay_the_grid_triangle_9x9_prize_insulated,
          minmay_the_grid_triangle_9x9_empty,
          minmay_the_grid_triangle_9x9_dagger], layout_cave_pools,
          grunt_qazlal_clouds, enter_bailey_8, minmay_tree_intersection

Skill      XL: |  1  2  3  4  5  6  7  8  9 |
---------------+----------------------------+-----
Dodging        | 1 2 3 5 6 |  6.2
Fighting       | 2 3 4 5 6 |  6.3
Spellcasting   | 2 3 4 5 |  5.5
Invocations    | 3 |  3.7
Transmutations | 1 2 |  2.3
Unarmed Combat | 1 |  1.4
Long Blades    | |  4.0
Stealth        | |  1.3
Poison Magic   | |  1.2
Evocations     | |  1.1

Action                   |  1- 3 |  4- 6 |  7- 9 || total
-------------------------+-------+-------+-------++-------
Melee: Falchion          |    53 |    70 |   131 ||   254
       Constrict         |     8 |    19 |    39 ||    66
       Tentacles         |     5 |    12 |    39 ||    56
       Punch             |       |     1 |     2 ||     3
       Trident           |       |       |     7 ||     7
Throw: Dart              |       |    16 |     7 ||    23
Invok: Bend Time         |       |       |     4 ||     4
Evoke: Wand              |       |       |     7 ||     7
  Use: Potion            |       |     2 |       ||     2
       Scroll            |       |       |     9 ||     9
 Stab: Sleeping          |    14 |     8 |     7 ||    29
       Distracted        |     1 |       |       ||     1
       Paralysed         |       |       |     7 ||     7
Armor: Skin              |     5 |     4 |    10 ||    19
Dodge: Dodged            |    24 |    37 |    90 ||   151

Table legend: (Time is in decaauts)
 A = Elapsed time spent in this place.
 B = Non-inter-level travel time spent in this place.
 C = Inter-level travel time spent in this place.
 D = Time resting spent in this place.
 E = Time spent auto-exploring this place.
 F = Levels seen in this place.
 G = Mean time per level.
                   A        B        C        D        E       F      G
               +--------+--------+--------+--------+--------+-----+--------+
         Total |   7248 |   6949 |    299 |    886 |   4767 |   9 |  805.3 |
       Dungeon |   7248 |   6949 |    299 |    886 |   4767 |   9 |  805.3 |
               +--------+--------+--------+--------+--------+-----+--------+

Top non-repeatable levels by time:
     D:4: 1747 daAuts
     D:1: 1297 daAuts
     D:3: 1279 daAuts
     D:5: 1228 daAuts
     D:2: 791 daAuts
     D:7: 511 daAuts
     D:6: 232 daAuts
     D:8: 111 daAuts
     D:9: 49 daAuts
